Map: Blackpink LE

Players

Gemini

  • Race: Protoss Protoss
  • League: Master
  • Spawn Location: 1:00

A.I. 1 (Very Easy) - Winner!

  • Race: Protoss Protoss
  • Spawn Location: 7:00

VOD

Have the link to the VOD?

Description

Time

  • Played on: March 19, 2018, 12:57 p.m.
  • Length: 7:03
Show
View Real Time Build Order
Export as new Build Order

Gemini Protoss 

Build Orders: Zealot Archon 

Get SALT Encoding   

  12  0:00  Probe  
  13  0:12  Probe  
  14  0:17  Pylon  
  14  0:25  Probe  
  15  0:35  Gateway  
  15  0:37  Probe (Chrono Boost)  
  16  0:46  Probe (Chrono Boost), Assimilator  
  17  0:51  Probe (Chrono Boost)  
  17  0:55  Assimilator  
  18  1:03  Probe  
  19  1:10  Gateway  
  19  1:15  Probe  
  20  1:22  Cybernetics Core  
  20  1:27  Probe  
  21  1:34  Pylon  
  21  1:39  Probe  
  22  1:51  Probe  
  23  1:57  Warp Gate (Chrono Boost)  
  23  1:59  Stalker, Sentry  
  27  2:03  Probe  
  28  2:10  Pylon  
  28  2:34  Nexus  
  28  2:42  Stalker  
  30  2:45  Probe  
  30  2:49  Sentry  
  33  2:56  Shield Battery  
  33  3:00  Probe  
  34  3:12  Probe  
  35  3:18  Stalker, Sentry  
  39  3:24  Robotics Facility  
  39  3:46  Probe  
  39  3:47  Probe  
  41  3:58  Probe (Chrono Boost)  
  41  4:00  Probe (Chrono Boost)  
  44  4:10  Probe (Chrono Boost)  
  44  4:12  Stalker, Probe (Chrono Boost)  
  44  4:13  Stalker  
  44  4:14  Observer  
  44  4:17  Pylon, Forge  
  50  4:18  Probe (Chrono Boost)  
  50  4:19  Probe (Chrono Boost)  
  50  4:21  Assimilator  
  52  4:24  Probe, Assimilator  
  52  4:27  Probe  
  54  4:35  Immortal (Chrono Boost)  
  54  4:36  Probe  
  59  4:40  Probe  
  59  4:43  Pylon  
  60  4:49  Probe  
  60  4:52  Pylon, Probe  
  62  4:54  Protoss Ground Weapons Level 1 (Chrono Boost)  
  62  5:02  Pylon, Probe  
  63  5:08  Twilight Council  
  63  5:10  Probe  
  64  5:15  Probe  
  64  5:18  Immortal (Chrono Boost)  
  69  5:23  Probe  
  70  5:34  Gateway  
  70  5:37  Gateway  
  70  5:38  Gateway  
  70  5:44  Gateway  
  70  5:55  Probe x2  
  72  6:06  Nexus  
  72  6:07  Pylon  
  72  6:13  Templar Archives  
  72  6:15  Probe x2  
  74  6:27  Probe x2  
  74  6:32  Gateway x2  
  80  6:52  High Templar x3  
  80  6:53  High Templar  
  88  6:54  Zealot  
  88  6:55  Zealot  
  88  6:57  Archon x2  
  88  6:59  Pylon  
Show
View Real Time Build Order
Export as new Build Order

A.I. 1 (Very Easy) Protoss - Winner!

Build Orders: 1 Gate Expand, Nexus First 

Get SALT Encoding   

  12  0:00  Probe  
  13  0:13  Probe  
  14  0:21  Pylon  
  14  0:43  Gateway  
  14  1:00  Nexus  
  14  1:19  Pylon  
  14  1:22  Zealot  
  14  1:23  Assimilator  
  16  1:37  Cybernetics Core  
  16  1:38  Probe  
  17  1:50  Probe  
  18  2:00  Probe, Assimilator  
  19  2:08  Probe  
  19  2:14  Probe  
  20  2:15  Stalker  
  23  2:23  Probe  
  23  2:27  Probe, Warp Gate  
  25  2:38  Probe  
  26  2:45  Probe  
  26  2:46  Pylon  
  27  2:53  Probe  
  28  2:58  Probe  
  29  3:07  Probe  
  29  3:10  Probe  
  29  3:12  Robotics Facility  
  30  3:18  Probe  
  31  3:24  Zealot  
  34  3:29  Probe  
  34  3:33  Probe  
  36  3:43  Probe  
  37  3:49  Assimilator  
  37  3:50  Probe  
  38  3:56  Observer  
  38  3:58  Probe  
  38  4:01  Assimilator  
  40  4:05  Probe  
  40  4:09  Probe  
  41  4:12  Observer  
  42  4:19  Probe  
  42  4:22  Probe  
  44  4:29  Pylon  
  45  4:33  Probe, Sentry  
  48  4:41  Probe  
  49  4:48  Probe  
Tags
 
Add a new tag
Caveats
  • Supply blocks, unpowered buildings, or Contaminate may cause inaccurate times.
  • Supply counts are checked every 10 seconds.